 Dungeon Crawl Stone Soup version 0.28.0-53-g5a82cb258f (webtiles) character file.

Game seed: 16202007023705601196

2289 Jerry the Skirmisher (level 9, -2/49 HPs)
             Began as a Vine Stalker Fighter on July 30, 2022.
             Was a Believer of Uskayaw.
             Slain by a manticore (6 damage)
             ... on level 7 of the Dungeon.
             The game lasted 00:16:01 (4800 turns).

Jerry the Skirmisher (Vine Stalker Fighter)         Turns: 4800, Time: 00:16:02

Health: -2/49      AC: 11    Str: 20    XL:     9   Next: 40%
Magic:  0/10       EV: 11    Int:  8    God:    Uskayaw [**....]
Gold:   295        SH:  7    Dex: 17    Spells: 8/8 levels left

rFire   . . .      SeeInvis .   a - +0 rapier (protect)
rCold   + . .      Faith    .   c - +1 buckler
rNeg    . . .      Spirit   +   l - +2 robe {rC+}
rPois   .          Reflect  .   (no helmet)
rElec   .          Harm     .   (no cloak)
rCorr   .          Rampage  .   (no gloves)
Will    +....                   (no boots)
Stlth   ++........              (no amulet)
HPRegen 0.96/turn               (no ring)
MPRegen 0.12/turn               (no ring)

@: mighty, under a protective aura
A: fangs 3, regeneration 1, magic shield, antimagic bite, no potion heal 2
a: Renounce Religion, Stomp, Line Pass


You were on level 7 of the Dungeon.
You worshipped Uskayaw.
Uskayaw was noncommittal.
You visited 2 branches of the dungeon, and saw 8 of its levels.

You collected 295 gold pieces.

Inventory:

Hand Weapons
 a - a +0 rapier of protection (weapon)
Armour
 b - a +0 scale mail
 c - a +1 buckler (worn)
 l - a +2 robe of cold resistance (worn)
Wands
 h - a wand of iceblast (8)
 m - a wand of paralysis (2)
Scrolls
 e - 5 scrolls of identify
 f - 2 scrolls of enchant armour
 i - a scroll of fear
 n - a scroll of fog
 o - 2 scrolls of silence {unknown}
Potions
 g - a potion of attraction
 j - a potion of cancellation
 k - a potion of curing
 p - a potion of lignification {unknown}
 q - a potion of flight {unknown}


   Skills:
 + Level 6.3 Fighting
 + Level 6.0 Short Blades
 + Level 5.8 Armour
 - Level 5.7 Shields
 + Level 0.0 Invocations


You had 8 spell levels left.
You didn't know any spells.
Your spell library contained the following spells:

 Spells                   Type           Power      Damage    Failure   Level
 Foxfire                  Conj/Fire      0%         2x1d4     50%         1
 Conjure Flame            Conj/Fire      0%         6-21      86%         3
 Gell's Gravitas          Tloc           0%         N/A       86%         3
 Inner Flame              Hex/Fire       0%         N/A       86%         3
 Teleport Other           Tloc           0%         N/A       86%         3
 Flame Wave               Conj/Fire      0%         2d4       99%         4
 Dispersal                Tloc           0%         N/A       100%        6
 Starburst                Conj/Fire      0%         6d3       100%        6


Dungeon Overview and Level Annotations

Branches:
Dungeon (7/15)             Temple (1/1) D:7

Altars:
Ashenzari
Cheibriados
Dithmenos
Elyvilon
Fedhas
Gozag
Hepliaklqana
Kikubaaqudgha
Makhleb
Nemelex Xobeh
Qazlal
Ru
Sif Muna
Trog
Uskayaw
Vehumet
Xom
Yredelemnul
The Shining One

Annotations:
D:7 3 runed translucent doors, Tyszek's ghost, novice MiFi; mmigdal's ghost, novice HuFi


Innate Abilities, Weirdness & Mutations

You have razor-sharp teeth.
Your natural rate of healing is unusually fast.
When hurt, damage is shared between your health and your magic reserves.
Your bite disrupts and absorbs the magic of your enemies.
Potions cannot restore your health.


Message History

The bullfrog barely misses you.
You hit the bullfrog.
You kill the bullfrog!
Your Short Blades skill increases to level 6!
Items here: ))) [ ††.
Found an escape hatch in the ceiling.
There is an escape hatch in the ceiling here.
Found a leather armour.
You see here a +0 leather armour.
A manticore comes into view.
The manticore barely misses you. The manticore claws you!
The manticore closely misses you.
You hit the manticore.
Your weapon exudes an aura of protection.
You bite the manticore, but do no damage.
The manticore is lightly wounded.
The manticore bites you!
The manticore claws you but does no damage.
The manticore completely misses you.
You feel very mighty all of a sudden. You block the manticore's attack.
The manticore claws you but does no damage. x2
You puncture the manticore!
The manticore is moderately wounded.
The manticore bites you!! The manticore claws you.
* * * LOW HITPOINT WARNING * * *
The manticore claws you but does no damage.
You barely miss the manticore. You bite the manticore! You drain its power.
You feel invigorated.
The manticore is moderately wounded.
The manticore misses you.
The manticore claws you but does no damage.
You block the manticore's attack.
You can now pass through a line of other dancers.
You barely miss the manticore. Your bite misses the manticore.
The manticore is moderately wounded.
The manticore bites you!!
* * * LOW HITPOINT WARNING * * *
The manticore claws you!
You die...

..# #....#.#####.#.###.
..######...............
....).........<......
..######.#......... '##
#.#####.#.# .#
#.........# .#
#.#####.#.# .# #.#
#.#.# .#######.# #[#@#
..[......# #.#H#
########## #.#.# #.#.#
##############.#..
....<..........#.#
################.# ###


You could see a manticore.

Vanquished Creatures
  Pikel (D:6)
  A water moccasin (D:7)
  An orc warrior (D:6)
  2 centaurs (D:7)
  Blork the orc (D:6)
  2 bullfrogs
  6 scorpions
  A wyvern skeleton (D:6)
  2 bullfrog zombies
  A crimson imp (D:4)
  2 centaur zombies (D:5)
  A jelly (D:5)
  5 centaur skeletons
  4 orc priests
  2 bullfrog skeletons
  2 hounds
  Terence (D:2)
  A scorpion zombie (D:5)
  3 orc wizards
  A hound zombie (D:5)
  A howler monkey skeleton (D:5)
  6 adders
  A river rat (D:4)
  A shadow imp (D:5)
  2 white imps
  2 ufetubi
  An adder zombie (D:5)
  3 worms
  4 dart slugs
  13 orcs
  6 ball pythons
  An endoplasm (D:3)
  2 giant cockroaches
  7 goblins
  2 hobgoblins
  2 jackals (D:1)
  3 quokkas
  4 bats
  4 frilled lizards
  3 kobolds
  A quokka skeleton (D:4)
  7 rats
116 creatures vanquished.

Vanquished Creatures (others)
  A withered plant (D:5)
1 creature vanquished.

Grand Total: 117 creatures vanquished

Notes
Turn   | Place    | Note
-------+----------+-------------------------------------------
     0 | D:1      | Jerry the Vine Stalker Fighter began the quest for the Orb.
     0 | D:1      | Reached XP level 1. HP: 11/11 MP: 2/2
    76 | D:1      | Reached XP level 2. HP: 13/16 MP: 1/3
   803 | D:2      | Reached XP level 3. HP: 20/20 MP: 4/4
   861 | D:2      | Noticed Terence
   870 | D:2      | Killed Terence
  1104 | D:2      | Gained mutation: Your natural rate of healing is unusually
                  | fast. [Vine Stalker growth]
  1104 | D:2      | Reached XP level 4. HP: 24/24 MP: 5/5
  1220 | D:2      | You fall into a shaft and drop 2 floors!
  1220 | D:4      | Noticed a bullfrog
  1244 | D:3      | Killed a bullfrog
  1245 | D:3      | Reached XP level 5. HP: 18/28 MP: 1/6
  1499 | D:3      | Got the Reference Book on Dislocated Combat Magic
  1672 | D:3      | Found an opulent altar of Gozag.
  1845 | D:4      | Reached XP level 6. HP: 19/33 MP: 4/7
  2474 | D:5      | Entered Level 5 of the Dungeon
  2627 | D:5      | Reached XP level 7. HP: 37/37 MP: 8/8
  3386 | D:6      | Gained mutation: You have razor-sharp teeth. [Vine Stalker
                  | growth]
  3386 | D:6      | Reached XP level 8. HP: 21/42 MP: 6/9
  3548 | D:6      | Reached skill level 5 in Fighting
  3548 | D:6      | Reached skill level 5 in Shields
  3569 | D:6      | Noticed Pikel
  3578 | D:6      | Killed Pikel
  3579 | D:6      | Reached skill level 5 in Short Blades
  3579 | D:6      | Reached skill level 5 in Armour
  3612 | D:6      | Noticed Blork the orc
  3625 | D:6      | Killed Blork the orc
  3736 | D:6      | Reached XP level 9. HP: 48/48 MP: 10/10
  4259 | D:7      | Found a staircase to the Ecumenical Temple.
  4269 | Temple   | Entered the Ecumenical Temple
  4278 | Temple   | Became a worshipper of Uskayaw the Reveller
  4407 | D:7      | Reached * piety under Uskayaw
  4628 | D:7      | Reached ** piety under Uskayaw
  4675 | D:7      | Found a runed translucent gate.
  4675 | D:7      | Found a runed translucent gate.
  4675 | D:7      | Found a runed translucent gate.
  4680 | D:7      | Noticed mmigdal's ghost (novice HuFi)
  4680 | D:7      | Noticed Tyszek's ghost (novice MiFi)
  4730 | D:7      | Reached *** piety under Uskayaw
  4733 | D:7      | Reached **** piety under Uskayaw
  4792 | D:7      | Noticed a manticore
  4800 | D:7      | Slain by a manticore

Illustrated notes

Levels and vault maps discovered:
D:1:      lightli_arrival_boilingwater, layout_rooms
D:2:      wad_pebble_path, layout_basic, shapermc_ecumenical_altar_pompeii,
          serial_shops, shop, uniq_terence
D:3:      layout_basic, grunt_gozag_breadcrumbs
D:4:      layout_rooms, lightli_sewer_entry_pipes, minmay_fire_ice_demons
D:5:      layout_basic, serial_undead, serial_undead_c, serial_undead_f,
          serial_undead_c, serial_undead_a, nicolae_underground_beach
D:6:      layout_basic, uniq_pikel, uniq_blork_the_orc
D:7:      layout_basic, minmay_temple_entry_statues_fountains,
          gammafunk_ghost_cemetery
Temple:   mainiacjoe_temple_coin_purse

Skill      XL: |  1  2  3  4  5  6  7  8  9 |
---------------+----------------------------+-----
Short Blades   | 2 3 4 5 6 |  6.0
Shields        | 3 4 5 |  5.7
Fighting       | 3 4 5 6 |  6.3
Armour         | 3 4 5 |  5.8

Action                   |  1- 3 |  4- 6 |  7- 9 || total
-------------------------+-------+-------+-------++-------
Melee: Rapier            |    72 |   148 |   258 ||   478
       Bite              |    23 |    32 |    94 ||   149
  Use: Potion            |       |     1 |     2 ||     3
       Scroll            |       |     8 |     4 ||    12
 Stab: Paralysed         |       |       |     1 ||     1
Armor: Scale mail        |    38 |    55 |    71 ||   164
       Robe              |       |       |    48 ||    48
Dodge: Dodged            |    34 |    50 |   119 ||   203
Block: Buckler           |    11 |    25 |    71 ||   107
